[Event "fics rated crazyhouse match"]
[Site "fics, Oklahoma City, OK USA"]
[Date "2000.02.10"]
[White "Sjeng"]
[WhiteElo "2161"]
[Black "LSS"]
[BlackElo "2527"]
[TimeControl "180+2"]
[Result "0-1"]

1. e4 e6 2. d4 d5 3. exd5 exd5 4. Bb5+ P@c6 5. Bd3 Nd7 6. Nf3 
Qe7+ 7. P@e5 Nb6 8. Nc3 f6 9. Bf4 g5 10. Be3 g4 11. exf6 Nxf6 
12. Ng5 P@h6 13. P@f7+ Kd8 14. Nxh7 Nxh7 15. P@g6 Ng5 16. Be2 N@h4 17. Rg1 
Nxg6 18. Bxg4 Nxf7 19. Bxc8 Rxc8 20. B@c5 P@d6 21. Bxb6 cxb6 22. N@f5 Qf6 
23. P@g4 B@d7 24. Qd3 P@e4 25. Nxe4 dxe4 26. Qxe4 B@d5 27. Qd3 N@f4 28. Bxf4 
Nxf4 29. Qg3 Bxf5 30. Qxf4 B@g5 31. Qxf5 Qxf5 32. P@e7+ Bfxe7 33. P@c7+ Kxc7 
{Sjeng resigns} 0-1

[Event "fics rated crazyhouse match"]
[Site "fics, Oklahoma City, OK USA"]
[Date "2000.02.10"]
[White "LSS"]
[WhiteElo "2529"]
[Black "Sjeng"]
[BlackElo "2159"]
[TimeControl "180+2"]
[Result "1-0"]

1. e4 Nf6 2. e5 Nd5 3. Nc3 e6 4. Nf3 d6 5. d4 Nxc3 6. bxc3 
dxe5 7. Nxe5 N@e4 8. Qd3 Nxf2 9. Kxf2 P@d6 10. Nf3 P@g4 11. Ne1 Qh4+ 
12. P@g3 Qe7 13. Be2 h5 14. Rb1 Nc6 15. Qd1 d5 16. Nd3 Nxd4 17. cxd4 
Qf6+ 18. Nf4 g5 19. Bb5+ P@c6 20. Be2 gxf4 21. Bxf4 N@c3 22. P@e5 Nxd1+ 
23. Rhxd1 Qg6 24. N@e3 Be7 25. Bd3 Qg8 26. N@f6+ Bxf6 27. exf6 N@c3 28. B@b4 
Nxd1+ 29. Rxd1 R@d7 30. N@g7+ Kd8 31. Nxg4 c5 32. Bxc5 hxg4 33. P@e7# 
{Sjeng resigns} 1-0

[Event "fics rated crazyhouse match"]
[Site "fics, Oklahoma City, OK USA"]
[Date "2000.02.10"]
[White "Sjeng"]
[WhiteElo "2157"]
[Black "LSS"]
[BlackElo "2531"]
[TimeControl "180+2"]
[Result "1-0"]

1. e4 e6 2. d4 d5 3. exd5 exd5 4. Bb5+ P@c6 5. Bd3 Nf6 6. Bg5 
Be7 7. Bxf6 Bxf6 8. P@e5 Be7 9. N@h5 Bf8 10. Nc3 B@g4 11. Be2 Qg5 
12. Ng3 Bge6 13. Nf3 Qd8 14. Qd2 Be7 15. Nh5 Rg8 16. Bd3 Bf5 17. Bxf5 
Bxf5 18. B@c5 Bxc5 19. dxc5 B@g4 20. B@f6 Bxh5 21. Bxd8 Kxd8 22. Qg5+ N@e7 
23. Q@h4 B@f8 24. Qxf5 Bg6 25. Qff4 Nd7 26. Ng5 B@f5 27. Nxf7+ Bxf7 28. Qxf5 
Bg6 29. Qe6 Ke8 30. B@g5 N@f5 31. Qh3 Nxc5 32. P@d7+ Nxd7 33. Nxd5 cxd5 
34. Bxe7 Bxe7 35. Qxg8+ B@f8 36. N@e6 Nxe5 37. Nxc7+ Kd7 38. Nxa8 P@d2+ 39. Kxd2 
Nc4+ 40. Kc1 P@d2+ 41. Kb1 N@a3+ 42. bxa3 Nxa3+ 43. Qxa3 Bxa3 44. R@c7+ Ke8 
45. R@b8# 
{LSS resigns} 1-0

[Event "fics rated crazyhouse match"]
[Site "fics, Oklahoma City, OK USA"]
[Date "2000.02.10"]
[White "Marcelo"]
[WhiteElo "1910"]
[Black "LSS"]
[BlackElo "2527"]
[TimeControl "300+0"]
[Result "0-1"]

1. e4 e6 2. d4 d5 3. exd5 exd5 4. Be2 Nf6 5. Nc3 Bb4 6. Bd2 
Nc6 7. Nf3 Bxc3 8. bxc3 Ne4 9. Bb5 O-O 10. Bxc6 bxc6 11. Ne5 Nxf2 
12. Kxf2 N@e4+ 13. Kf1 B@a6+ 14. P@d3 P@h3 15. gxh3 Bxh3+ 16. P@g2 Qf6+ 17. N@f3 
P@g4 18. B@g5 gxf3 19. Nxf3 Nxd2+ 20. Qxd2 Qxf3+ 21. Qf2 Bxg2+ 22. Ke1 Qxf2+ 
23. Kxf2 N@g4+ 24. Ke1 Q@f2+ 25. Kd1 N@e3+ 26. Bxe3 Nxe3# 
{Marcelo resigns} 0-1

[Event "fics rated crazyhouse match"]
[Site "fics, Oklahoma City, OK USA"]
[Date "2000.02.10"]
[White "jtp"]
[WhiteElo "2325"]
[Black "Nathaniel"]
[BlackElo "2140"]
[TimeControl "180+0"]
[Result "1-0"]

1. e4 e6 2. d4 d6 3. Nc3 Nf6 4. Bd3 Nc6 5. Nf3 Be7 6. e5 
Nd7 7. Qe2 dxe5 8. dxe5 P@f6 9. P@h6 f5 10. hxg7 Rg8 11. P@f6 Bc5 
12. Bxf5 exf5 13. e6 Qe7 14. exf7+ Kxf7 15. fxe7 
{Nathaniel resigns} 1-0

[Event "fics rated crazyhouse match"]
[Site "fics, Oklahoma City, OK USA"]
[Date "2000.02.10"]
[White "Nathaniel"]
[WhiteElo "2136"]
[Black "jtp"]
[BlackElo "2329"]
[TimeControl "180+0"]
[Result "0-1"]

1. e4 Nc6 2. d4 d5 3. e5 Nh6 4. Nc3 Rg8 5. Bd3 g6 6. Nf3 
Bg4 7. Be2 Nf5 8. Ng5 Bxe2 9. Nxe2 h6 10. Nxf7 Kxf7 11. e6+ Kxe6 
12. Nf4+ Kf6 13. B@e6 Bg7 14. Bxd5 Ncxd4 15. Qxd4+ Nxd4 16. N@e4+ Ke5 17. Bxg8 
N@f3+ 18. gxf3 Nxf3+ 19. Kf1 Qd1+ 20. Kg2 Qxh1+ 21. Kh3 R@h4+ 22. Kg3 Q@g4# 
{Nathaniel checkmated} 0-1

[Event "fics rated crazyhouse match"]
[Site "fics, Oklahoma City, OK USA"]
[Date "2001.02.10"]
[White "Perplexity"]
[WhiteElo "2379"]
[Black "JiggaB"]
[BlackElo "2221"]
[TimeControl "60+0"]
[Result "0-1"]

1. e4 d5 2. exd5 Qxd5 3. Nf3 Qd8 4. Bb5+ Nc6 5. Bxc6+ bxc6 6. N@e5 
B@d5 7. P@d4 P@f6 8. Nd3 e6 9. Nc5 Bxc5 10. dxc5 Ba6 11. B@e2 Bxe2 
12. Kxe2 N@f4+ 13. Kf1 B@e2+ 14. Qxe2 Nxe2 15. Kxe2 Bxf3+ 16. Kxf3 N@d4+ 17. Kg3 
f5 18. h4 Nh6 19. B@g5 f4+ 20. Kh3 Q@g4+ 21. Kh2 Qdxg5 22. hxg5 B@g3+ 
23. Kg1 Bxf2+ 24. Kxf2 Qg3+ 25. Kg1 Ng4 26. N@d3 P@f2+ 27. Kf1 Qxd3+ 28. cxd3 
N@g3# 
{Perplexity checkmated} 0-1

[Event "fics rated crazyhouse match"]
[Site "fics, Oklahoma City, OK USA"]
[Date "2001.02.10"]
[White "JiggaB"]
[WhiteElo "2232"]
[Black "Perplexity"]
[BlackElo "2367"]
[TimeControl "60+0"]
[Result "0-1"]

1. e4 Nf6 2. Nc3 e6 3. d4 Nc6 4. Be3 Bb4 5. Bd3 Bxc3+ 6. bxc3 
N@b2 7. Qe2 Nxd3+ 8. cxd3 d6 9. Nf3 Ng4 10. B@h4 Nxe3 11. fxe3 Ne7 
12. N@h5 B@h6 13. N@f6+ gxf6 14. Nxf6+ Kf8 15. P@g5 Bg7 16. e5 B@a5 17. exd6 
Bxc3+ 18. Kf1 Bxa1 19. P@h6 Bxf6 20. gxf6 R@b1+ 21. Kf2 P@g3+ 22. Kxg3 Nf5+ 
23. Kh3 e5 24. B@g4 Rxh1 25. P@e7+ Kg8 26. exd8=Q+ N@f8 27. Qxf8+ Kxf8 28. Q@g7+ 
Ke8 29. Qxh8+ N@f8 30. N@g7+ Kd7 31. Bxf5+ Kc6 32. Qc2+ R@c3 33. R@c4+ Kb6 
34. Rxc3 Bxf5+ 35. R@g4 Bxg4+ 36. Kxg4 R@g6+ 37. Bg5 B@d7+ 38. Kh4 Rxh6+ 39. Bxh6 
Ng6+ 40. Kg5 Rxh8 41. Kh5 Q@g4# 
{JiggaB checkmated} 0-1

[Event "fics rated crazyhouse match"]
[Site "fics, Oklahoma City, OK USA"]
[Date "2001.02.10"]
[White "Perplexity"]
[WhiteElo "2372"]
[Black "JiggaB"]
[BlackElo "2227"]
[TimeControl "60+0"]
[Result "1-0"]

1. e4 d5 2. exd5 Qxd5 3. Nf3 Nf6 4. Nc3 Qd8 5. d4 e6 6. Bg5 
Be7 7. Bb5+ Bd7 8. Bxf6 Bxf6 9. N@h5 B@e7 10. P@e5 Bxb5 11. exf6 B@g6 
12. Nxg7+ Kd7 13. fxe7 
{JiggaB resigns} 1-0

[Event "fics rated crazyhouse match"]
[Site "fics, Oklahoma City, OK USA"]
[Date "2001.02.10"]
[White "JiggaB"]
[WhiteElo "2222"]
[Black "Perplexity"]
[BlackElo "2377"]
[TimeControl "60+0"]
[Result "0-1"]

1. e4 Nf6 2. Nc3 d5 3. exd5 Nxd5 4. Nxd5 Qxd5 5. Nf3 Bg4 6. Be2 
e5 7. d3 P@h3 8. N@e3 hxg2 9. Rg1 Bxf3 10. Bxf3 Qa5+ 11. Bd2 Qb5 
12. P@b3 P@a3 13. B@a4 Qxa4 14. bxa4 axb2 15. Rb1 N@d4 16. Bxb7 P@e2 17. Qxe2 
Nxe2 18. Bxa8 Nxg1 19. R@c8+ B@d8 20. Q@g4 R@a1 21. Rxa1 bxa1=Q+ 22. R@c1 R@e2+ 
23. Qxe2 Qxc1+ 24. Bxc1 Nxe2 25. Rxd8+ Kxd8 26. B@h4+ f6 27. R@d5+ Ke8 28. Kxe2 
g1=N+ 29. Kd2 Q@e2+ 30. Kc3 Q@b4# 
{JiggaB checkmated} 0-1

[Event "fics rated crazyhouse match"]
[Site "fics, Oklahoma City, OK USA"]
[Date "2001.02.10"]
[White "Perplexity"]
[WhiteElo "2382"]
[Black "JiggaB"]
[BlackElo "2217"]
[TimeControl "60+0"]
[Result "1-0"]

1. e4 e6 2. d4 Nc6 3. Be3 Nf6 4. Bd3 Bb4+ 5. Nd2 Be7 6. Nh3 
Nb4 7. Bb5 c6 8. Be2 d5 9. e5 Ne4 10. a3 Nxd2 11. Qxd2 N@e4 
12. Qc1 Na6 13. f3 Qa5+ 14. Kf1 O-O 15. Nf4 f5 16. fxe4 fxe4 17. Kg1 
P@g5 18. Nh5 Nc7 19. N@b3 Qb6 20. N@a4 Bd7 21. Nxb6 axb6 22. Nxg7 Kxg7 
23. Bxg5 Bxg5 24. Qxg5+ B@g6 25. B@h6+ Kf7 26. Q@g7+ Ke8 27. Qxf8# 
{JiggaB checkmated} 1-0

[Event "fics rated crazyhouse match"]
[Site "fics, Oklahoma City, OK USA"]
[Date "2001.02.10"]
[White "JiggaB"]
[WhiteElo "2212"]
[Black "Perplexity"]
[BlackElo "2386"]
[TimeControl "60+0"]
[Result "0-1"]

1. d4 e6 2. Nf3 Nf6 3. Nc3 Nc6 4. Bg5 d5 5. Ne5 Bb4 6. Nxc6 
bxc6 7. e3 N@e4 8. Bxf6 Qxf6 9. N@f3 Nxc3 10. bxc3 Bxc3+ 11. N@d2 Bxa1 
12. Qxa1 Qg6 13. B@d3 P@e4 14. N@e5 Qf6 15. Bxe4 dxe4 16. Nxe4 Qd8 17. Nxf7 
Kxf7 18. Ne5+ Kf8 19. P@h6 gxh6 20. d5 B@b4+ 21. P@d2 Qxd5 22. P@g7+ Kxg7 
23. Nxc6+ e5 24. Nxb4 Qxe4 25. B@d3 Qb7 26. Qxe5+ B@f6 27. Qg3+ P@g4 28. Bfe2 
R@b1+ 29. Bd1 N@b2 30. O-O Rxd1 31. Rxd1 Nxd3 32. R@f1 N@e2+ 33. Kh1 Nxb4 
34. f3 Nxg3+ 35. hxg3 Q@h5+ 36. P@h4 gxf3 37. P@g5 fxg2+ 38. Kh2 N@g4+ 39. Kg1 
N@e2# 
{JiggaB checkmated} 0-1

[Event "fics rated crazyhouse match"]
[Site "fics, Oklahoma City, OK USA"]
[Date "2001.02.10"]
[White "Perplexity"]
[WhiteElo "2390"]
[Black "LINDEGREN"]
[BlackElo "2377"]
[TimeControl "180+0"]
[Result "0-1"]

1. e4 Nf6 2. Nc3 Nc6 3. d4 d5 4. e5 Ne4 5. Nxe4 dxe4 6. Be3 
e6 7. a3 Be7 8. Ne2 N@f5 9. Qd2 O-O 10. Rd1 f6 11. exf6 Bxf6 
12. N@c5 P@d5 13. h3 Nxe3 14. Qxe3 B@h6 15. Qb3 Qe7 16. Nxb7 Nxd4 17. Nxd4 
P@d2+ 18. Rxd2 Bxd2+ 19. Kxd2 Bxd4 20. N@d1 Bxb7 21. Qxb7 e3+ 22. fxe3 N@e4+ 
23. Ke1 Bxe3 24. N@f3 Rxf3 25. Qxa8+ Rf8 26. Qxf8+ Qxf8 27. P@f7+ Qxf7 28. R@b8+ 
R@f8 29. Rxf8+ Qxf8 30. P@f7+ Qxf7 31. R@a8+ R@f8 32. Rxf8+ Qxf8 33. P@f7+ Qxf7 
34. R@a8+ R@f8 35. Rxf8+ Qxf8 36. P@f7+ Qxf7 37. R@a8+ R@f8 38. Rxf8+ Qxf8 39. B@f7+ 
Qxf7 40. R@a8+ R@f8 41. Rxf8+ Qxf8 42. B@f7+ Qxf7 43. R@a8+ R@f8 44. Rxf8+ Qxf8 
45. R@h8+ Kxh8 46. R@d3 B@d2+ 47. Rxd2 Bxd2+ 48. Ke2 B@c4+ 49. B@d3 Q@e1# 
{Perplexity checkmated} 0-1

[Event "fics rated crazyhouse match"]
[Site "fics, Oklahoma City, OK USA"]
[Date "2001.02.10"]
[White "LINDEGREN"]
[WhiteElo "2385"]
[Black "Perplexity"]
[BlackElo "2382"]
[TimeControl "180+0"]
[Result "1-0"]

1. e4 e6 2. d4 Nc6 3. Be3 d5 4. e5 Be7 5. Nh3 Bh4 6. Be2 
Nge7 7. O-O Nf5 8. Nc3 Nxe3 9. fxe3 O-O 10. N@h5 Bd7 11. Bd3 B@h6 
12. Qe2 Nb4 13. N3f4 Bc6 14. Rf3 Nxd3 15. cxd3 B@g4 16. Raf1 Bxf4 17. Nxf4 
a5 18. B@h5 Bxf3 19. Bxf3 Qd7 20. Nh5 N@b4 21. Nxg7 Nxd3 22. N@f6+ Bxf6 
23. exf6 P@f2+ 24. Rxf2 R@e1+ 25. B@f1 Rxe2 26. Rxe2 N@c4 27. Nh5 h6 28. P@g7 
Q@h1+ 29. Kxh1 Nf2+ 30. Rxf2 Kh7 31. R@h8+ Rxh8 32. gxh8=Q+ Kg6 33. Q@g4+ R@g5 
34. Qg7# 
{Perplexity checkmated} 1-0

[Event "fics rated crazyhouse match"]
[Site "fics, Oklahoma City, OK USA"]
[Date "2001.02.10"]
[White "Perplexity"]
[WhiteElo "2374"]
[Black "LINDEGREN"]
[BlackElo "2393"]
[TimeControl "180+0"]
[Result "1-0"]

1. e4 Nf6 2. Nc3 Nc6 3. d4 d5 4. e5 Ne4 5. Nxe4 dxe4 6. Be3 
e6 7. Qd2 Bb4 8. c3 Be7 9. Qc2 Nxe5 10. dxe5 P@d3 11. Qa4+ Bd7 
12. Qxe4 N@c2+ 13. Kd1 Nxa1 14. Qxd3 Bb5 15. c4 R@b1+ 16. N@c1 Ba4+ 17. P@b3 
Bxb3+ 18. axb3 P@c2+ 19. Ke2 Qxd3+ 20. Kxd3 Rd8+ 21. P@d6 Rxc1 22. B@b5+ N@c6 
23. Bxc6+ bxc6 24. Bxc1 Nxb3 25. Kxc2 Nd4+ 26. Kc3 B@b6 27. Q@d1 cxd6 28. exd6 
Bxd6 29. N@b7 Bb4+ 30. Kxb4 a5+ 31. Ka3 P@b4+ 32. Ka4 Q@a2+ 33. P@a3 bxa3 
34. N@d6+ Kd7 35. bxa3 Qb3+ 36. Qxb3 Nxb3 37. Bg5 P@f6 38. Nxf7 
{LINDEGREN forfeits on time} 1-0

[Event "fics rated crazyhouse match"]
[Site "fics, Oklahoma City, OK USA"]
[Date "2001.02.10"]
[White "LINDEGREN"]
[WhiteElo "2385"]
[Black "Perplexity"]
[BlackElo "2382"]
[TimeControl "180+0"]
[Result "1-0"]

1. e4 e6 2. Nc3 d6 3. d4 Nf6 4. Nf3 Nc6 5. Bd3 a6 6. O-O 
Bd7 7. Be3 Ng4 8. Qe2 Nxe3 9. fxe3 Nb4 10. e5 Nxd3 11. cxd3 dxe5 
12. Nxe5 P@f5 13. Nxf7 Kxf7 14. N@e5+ Ke7 15. N@f7 Qc8 16. Nxh8 Kd8 17. P@g6 
hxg6 18. Nhxg6 B@d6 19. R@g8 B@b4 20. a3 Bxe5 21. dxe5 N@e8 22. axb4 Bxb4 
23. P@f6 gxf6 24. exf6 Qb8 25. P@f7 c6 26. fxe8=Q+ Bxe8 27. B@e7+ Bxe7 28. fxe7+ 
Kd7 29. B@g3 Bxg6 30. Rxb8 N@h3+ 31. gxh3 P@f2+ 32. Qxf2 N@e2+ 33. Qxe2 e5 
34. Rxa8 P@f2+ 35. Qxf2 f4 36. exf4 Kxe7 37. fxe5 B@f5 38. Q@d6+ Kf7 39. Qf6# 
{Perplexity checkmated} 1-0

[Event "fics rated crazyhouse match"]
[Site "fics, Oklahoma City, OK USA"]
[Date "2001.02.10"]
[White "Perplexity"]
[WhiteElo "2374"]
[Black "LINDEGREN"]
[BlackElo "2393"]
[TimeControl "180+0"]
[Result "1-0"]

1. e4 Nf6 2. Nc3 Nc6 3. d4 e6 4. Bg5 Be7 5. Bxf6 Bxf6 6. Nf3 
d5 7. Bb5 B@h5 8. e5 Bg5 9. N@a5 O-O 10. Bxc6 bxc6 11. Nxc6 Qe8 
12. Nxg5 Bxd1 13. Rxd1 B@h6 14. N@e7+ Kh8 15. h4 Bd7 16. B@b7 Bxc6 17. Nxc6 
N@f4 18. B@f1 Rb8 19. Nxb8 Qxb8 20. P@e7 N@g4 21. R@d8 Rxd8 22. exd8=Q+ Qxd8 
23. Nxf7+ Kg8 24. Nxd8 Nxg2+ 25. Bxg2 P@d2+ 26. Rxd2 Bxd2+ 27. Kxd2 Q@f4+ 28. B@e3 
Nxe3 29. N@e7# 
{LINDEGREN resigns} 1-0

[Event "fics rated crazyhouse match"]
[Site "fics, Oklahoma City, OK USA"]
[Date "2001.02.10"]
[White "LINDEGREN"]
[WhiteElo "2385"]
[Black "Perplexity"]
[BlackElo "2382"]
[TimeControl "180+0"]
[Result "0-1"]

1. e4 Nf6 2. Nc3 d5 3. exd5 Nxd5 4. d4 e6 5. Nxd5 exd5 6. Nf3 
Nc6 7. Bb5 Qe7+ 8. P@e5 P@e4 9. Ng5 h6 10. Nxf7 Qxf7 11. O-O a6 
12. Bxc6+ bxc6 13. f3 exf3 14. Rxf3 P@f5 15. N@f4 N@g6 16. Nxg6 Qxg6 17. N@f4 
Qf7 18. P@g6 Qe7 19. N@f7 Rh7 20. gxh7 Qxf7 21. h8=Q N@g5 22. P@g6 Qd7 
23. Be3 N@c4 24. Nxd5 cxd5 25. P@f7+ Nxf7 26. gxf7+ Qxf7 27. Qe2 Nxb2 28. R@g8 
N@e7 29. Rxf8+ Qxf8 30. Qxf8+ Kxf8 31. Q@h8+ R@g8 32. N@h7+ Kf7 33. B@h5+ B@g6 
34. Bxg6+ Nxg6 35. Qxg8+ Kxg8 36. B@h5 Kxh7 37. Bxg6+ Kxg6 38. N@f4+ Kh7 39. Nxd5 
B@b5 40. Ne7 N@g6 41. Nxg6 Kxg6 42. Rg3+ P@g5 43. N@f4+ Kh7 44. P@g6+ Kh8 
45. R@f8+ N@g8 46. c4 Nxc4 47. Qxc4 Bxc4 48. N@f7+ Bxf7 49. gxf7 P@f2+ 50. Bxf2 
N@f3+ 51. gxf3 N@f6 52. exf6 Be6 53. Nxe6 Q@h1+ 54. Kxh1 P@g2+ 55. Kxg2 P@h3+ 
56. Rxh3 Q@g4+ 57. fxg4 B@d5+ 58. Rf3 Bxf3+ 59. Kxf3 fxg4+ 60. Ke2 P@f3+ 61. Kd2 
R@e2+ 62. Kd1 P@c2# 
{LINDEGREN forfeits on time} 0-1

[Event "fics rated crazyhouse match"]
[Site "fics, Oklahoma City, OK USA"]
[Date "2001.02.10"]
[White "Perplexity"]
[WhiteElo "2390"]
[Black "LINDEGREN"]
[BlackElo "2377"]
[TimeControl "180+0"]
[Result "1-0"]

1. e4 Nf6 2. Nc3 Nc6 3. d4 d5 4. e5 Ne4 5. Nxe4 dxe4 6. Be3 
e6 7. c3 Be7 8. Qb1 Nxe5 9. dxe5 P@d3 10. N@d4 c5 11. Nb5 N@c2+ 
12. Kd2 Nxa1 13. Qxa1 O-O 14. Ke1 a6 15. Na3 b5 16. N@c6 b4 17. cxb4 
cxb4 18. Nxd8 bxa3 19. Bxd3 exd3 20. Nc6 N@c2+ 21. Kf1 Nxa1 22. N@h6# 
{LINDEGREN resigns} 1-0

[Event "fics rated crazyhouse match"]
[Site "fics, Oklahoma City, OK USA"]
[Date "2001.02.10"]
[White "LINDEGREN"]
[WhiteElo "2369"]
[Black "Perplexity"]
[BlackElo "2398"]
[TimeControl "180+0"]
[Result "0-1"]

1. e4 e6 2. Nc3 d6 3. d4 Nc6 4. Nf3 Nf6 5. Bb5 Bd7 6. d5 
exd5 7. exd5 Qe7+ 8. Be3 Nd8 9. Bxd7+ Qxd7 10. B@b3 Ng4 11. O-O P@h3 
12. gxh3 Nxe3 13. fxe3 Qxh3 14. P@g2 Qc8 15. P@e6 fxe6 16. dxe6 Nxe6 17. Bxe6 
Qxe6 18. Qe2 Qd7 19. Nd4 P@f7 20. Nd5 B@d8 21. N@h5 B@e5 22. Nf3 Bxb2 
23. Rab1 P@a3 24. N@f4 P@e6 25. Nxe6 fxe6 26. Ndf4 N@c3 27. Qf2 Nxa2 28. Nxe6 
Qxe6 29. Rbe1 Qf7 30. Nf4 P@d7 31. P@d5 B@c4 32. P@d3 Ba6 33. P@e6 Qe7 
34. exd7+ Kxd7 35. P@c6+ bxc6 36. dxc6+ Kxc6 37. Nd4+ Kd7 38. P@c6+ Kc8 39. Nd5 
Qg5 40. Qf5+ Qxf5 41. Nxf5 Q@e6 42. Nxc7 Bxc7 43. P@d7+ Kb8 44. Q@e8+ N@d8 
45. Qxe6 Nxe6 46. Q@e8+ N@d8 47. Nd4 Nxd4 48. exd4 Bxd4+ 49. Kh1 Q@g1# 
{LINDEGREN resigns} 0-1

[Event "fics rated crazyhouse match"]
[Site "fics, Oklahoma City, OK USA"]
[Date "2001.02.10"]
[White "Perplexity"]
[WhiteElo "2405"]
[Black "LINDEGREN"]
[BlackElo "2362"]
[TimeControl "180+0"]
[Result "1-0"]

1. d4 Nf6 2. Nf3 Nc6 3. Nc3 e6 4. e4 Be7 5. d5 Nb8 6. dxe6 
dxe6 7. Qxd8+ Bxd8 8. Bg5 Nc6 9. e5 Nxe5 10. Nxe5 P@d6 11. Bb5+ P@d7 
12. Nf3 a6 13. Bd3 Be7 14. P@b6 O-O 15. bxc7 Q@h5 16. N@f4 Qg4 17. h3 
Qxf4 18. Bxf4 N@d5 19. Q@g3 Nxf4 20. Qxg7+ Kxg7 
{LINDEGREN resigns} 1-0

[Event "fics rated crazyhouse match"]
[Site "fics, Oklahoma City, OK USA"]
[Date "2001.02.10"]
[White "LINDEGREN"]
[WhiteElo "2355"]
[Black "Perplexity"]
[BlackElo "2412"]
[TimeControl "180+0"]
[Result "1-0"]

1. e4 Nf6 2. Nc3 d5 3. exd5 Nxd5 4. d4 e6 5. Bd2 Nxc3 6. bxc3 
N@e4 7. Nf3 Nc6 8. Bd3 Nxd2 9. Qxd2 Qe7 10. O-O Qd8 11. N@e5 Nxe5 
12. Nxe5 a6 13. Nxf7 Kxf7 14. P@g6+ Ke7 15. N@f7 N@h3+ 16. Kh1 B@f4 17. P@e3 
P@b2 18. Rae1 Bxh2 19. Nxd8 Kxd8 20. N@f7+ Kd7 21. Q@d8+ Kc6 22. Nxh8 hxg6 
23. d5+ exd5 24. c4 dxc4 25. Bxc4 P@e2 26. Qxe2 Bfd6 27. P@a5 Nxf2+ 28. Qxf2 
N@g3+ 29. Qxg3 Bhxg3 30. Qe8+ Bd7 31. Qe4+ Kc5 32. Qd5+ Kb4 33. a3+ Kxa3 
34. R@a2+ Kb4 35. P@a3+ Kc3 36. Qd3# 
{Perplexity checkmated} 1-0

[Event "fics rated crazyhouse match"]
[Site "fics, Oklahoma City, OK USA"]
[Date "2001.02.10"]
[White "Perplexity"]
[WhiteElo "2403"]
[Black "LINDEGREN"]
[BlackElo "2364"]
[TimeControl "180+0"]
[Result "0-1"]

1. e4 Nf6 2. Nc3 Nc6 3. d4 e6 4. Bg5 Be7 5. Bxf6 Bxf6 6. Nf3 
d5 7. Bb5 O-O 8. exd5 exd5 9. P@e5 Be7 10. a3 B@h5 11. N@f4 Bxf3 
12. gxf3 Be6 13. Rg1 P@g6 14. Be2 N@f5 15. Nxe6 fxe6 16. B@e3 Bh4 17. B@g3 
Bxg3 18. hxg3 B@h2 19. Rg2 Bxg3 20. Rxg3 Nxg3 21. fxg3 R@h1+ 22. N@f1 P@g2 
23. B@g1 gxf1=Q+ 24. Bxf1 N@f5 25. B@g4 Nxe3 26. Bxe6+ Kh8 27. Bxe3 B@g2 28. N@d2 
Bxf1 29. Nxf1 N@g2+ 30. Kf2 Nxe3 31. Kxe3 B@b6 32. P@c5 Bxc5 33. dxc5 d4+ 
34. Kf2 Rxf1+ 35. Qxf1 Qe7 36. P@d5 dxc3 37. dxc6 N@e4+ 38. Kg1 B@f2+ 39. Qxf2 
Nxf2 40. Kxf2 N@e4+ 41. Ke3 Q@d2+ 42. Kxe4 Qxe6 43. N@f7+ Qxf7 44. R@g8+ Rxg8 
45. B@d3 N@f2+ 46. Kd4 Qd5+ 47. Kxd5 B@f7+ 48. e6 Qg5+ 49. Kc4 Bxe6+ 50. Kxc3 
Qxc5+ 51. Kd2 P@e3+ 52. Ke2 Nxd3 53. cxd3 R@f2+ 54. Kd1 Qc2+ 55. Ke1 Qd2# 
{Perplexity checkmated} 0-1

[Event "fics rated crazyhouse match"]
[Site "fics, Oklahoma City, OK USA"]
[Date "2001.02.10"]
[White "LINDEGREN"]
[WhiteElo "2373"]
[Black "Perplexity"]
[BlackElo "2394"]
[TimeControl "180+0"]
[Result "0-1"]

1. e4 Nf6 2. Nc3 e6 3. e5 Nd5 4. Nxd5 exd5 5. d4 N@e4 6. Nf3 
Bb4+ 7. Bd2 Bxd2+ 8. Nxd2 Nxf2 9. Kxf2 Qh4+ 10. N@g3 P@f4 11. Nf3 fxg3+ 
12. hxg3 N@e4+ 13. Ke2 Nxg3+ 14. Kd2 Qxh1 15. P@e3 R@f2+ 16. Be2 Rxe2+ 17. Qxe2 
Ne4# 
{LINDEGREN resigns} 0-1

[Event "fics rated crazyhouse match"]
[Site "fics, Oklahoma City, OK USA"]
[Date "2001.02.10"]
[White "Perplexity"]
[WhiteElo "2402"]
[Black "LINDEGREN"]
[BlackElo "2365"]
[TimeControl "180+0"]
[Result "1-0"]

1. e4 Nf6 2. Nc3 Nc6 3. d4 d5 4. e5 Ne4 5. Nxe4 dxe4 6. Be3 
e6 7. N@g5 Qd5 8. Qd2 Be7 9. c4 Bb4 10. cxd5 Bxd2+ 11. Kxd2 exd5 
12. Q@c5 Be6 13. Nxe6 fxe6 14. Bb5 P@d7 15. Ne2 N@d3 16. Qc3 O-O 17. Bxd3 
exd3 18. Qxd3 B@e4 19. Qb3 Bxg2 20. Rhd1 N@c4+ 21. Kc1 Bf3 22. Re1 Bxe2 
23. Rxe2 Q@f1+ 24. B@d1 P@f3 25. Rd2 N@e2+ 26. Kc2 Nxe3+ 27. Qxe3 B@g6+ 28. Kb3 
Nexd4+ 29. Rxd4 Nxd4+ 30. Qxd4 Qb5+ 31. B@b4 Qc4+ 32. Qxc4 dxc4+ 33. Ka3 a5 
34. N@e7+ Kh8 35. Q@g8# 
{LINDEGREN resigns} 1-0

[Event "fics rated crazyhouse match"]
[Site "fics, Oklahoma City, OK USA"]
[Date "2001.02.10"]
[White "LINDEGREN"]
[WhiteElo "2358"]
[Black "Perplexity"]
[BlackElo "2409"]
[TimeControl "180+0"]
[Result "0-1"]

1. e4 Nf6 2. Nc3 e6 3. e5 Nd5 4. Nxd5 exd5 5. d4 N@e4 6. c3 
d6 7. Nf3 dxe5 8. Nxe5 P@f6 9. Nf3 Bg4 10. Be2 Nc6 11. O-O f5 
12. Bf4 Bd6 13. Bxd6 Qxd6 14. B@g3 Nxg3 15. fxg3 Qh6 16. N@f4 B@e3+ 17. P@f2 
Bxf4 18. gxf4 Qxf4 19. B@g3 Qh6 20. Bxc7 O-O 21. P@g5 Qe6 22. Be5 Nxe5 
23. Nxe5 Bxe2 24. Qxe2 B@c4 25. Qf3 B@e2 26. Qe3 Bxf1 27. Rxf1 P@e2 28. N@g3 
exf1=Q+ 29. Nxf1 N@e2+ 30. Qxe2 Bxe2 31. N@f4 Bxf1 32. Nxe6 N@e2# 
{LINDEGREN resigns} 0-1

[Event "fics rated crazyhouse match"]
[Site "fics, Oklahoma City, OK USA"]
[Date "2001.02.10"]
[White "Perplexity"]
[WhiteElo "2416"]
[Black "LINDEGREN"]
[BlackElo "2351"]
[TimeControl "180+0"]
[Result "0-1"]

1. e4 Nf6 2. Nc3 Nc6 3. d4 e5 4. dxe5 Nxe5 5. Nf3 Neg4 6. Bc4 
P@e6 7. e5 Nxf2 8. Kxf2 Ng4+ 9. Kf1 d6 10. exd6 Bxd6 11. h3 P@b4 
12. Nb5 Nf6 13. P@e5 O-O 14. exd6 cxd6 15. P@c7 Qe7 16. Bg5 P@e4 17. Qxd6 
Qxd6 18. Nxd6 exf3 19. gxf3 Q@g3 20. N@e7+ Kh8 21. Nxf7+ Rxf7 22. Q@d8+ N@f8 
23. B@h4 Qxf3+ 24. Kg1 Ne4 25. Rh2 P@g3 26. P@g2 gxh2+ 27. Kh1 P@g3 28. gxf3 
Nf2+ 29. Kg2 R@g1+ 30. Rxg1 hxg1=Q+ 31. Kxg1 Nxh3+ 32. Kf1 Rxf3+ 33. Kg2 Rf2+ 
34. Kxh3 N@g1+ 35. Kg4 P@f5+ 36. Kh5 P@g6+ 37. Nxg6+ hxg6# 
{Perplexity checkmated} 0-1

[Event "fics rated crazyhouse match"]
[Site "fics, Oklahoma City, OK USA"]
[Date "2001.02.10"]
[White "LINDEGREN"]
[WhiteElo "2360"]
[Black "Perplexity"]
[BlackElo "2407"]
[TimeControl "180+0"]
[Result "0-1"]

1. e4 e6 2. d4 d6 3. Bd3 Nf6 4. Be3 e5 5. Nf3 Nc6 6. d5 
Nb4 7. O-O Nxd3 8. cxd3 Ng4 9. Nbd2 Nxe3 10. fxe3 B@a6 11. Qe2 Be7 
12. N@f5 Bxf5 13. exf5 N@b4 14. B@e4 Bb5 15. N@h5 Rg8 16. a3 Na6 17. Nxe5 
dxe5 18. P@e6 Nc5 19. exf7+ Kxf7 20. P@g6+ Kf8 21. gxh7 Rh8 22. b4 Nd7 
23. a4 P@b2 24. Rae1 Bxa4 25. P@e6 Nb6 26. d4 exd4 27. exd4 N@c3 28. Qf3 
Rxh7 29. f6 Bxf6 30. Bxh7 P@f2+ 31. Qxf2 Ncxd5 32. Nxf6 gxf6 33. R@f7+ Ke8 
34. P@g7 N@h6 35. Bg6 Qd6 36. P@h7 Qxh2+ 37. Kxh2 Ng4+ 38. Kg3 Kd8 39. g8=Q+ 
B@e8 40. Kxg4 P@e3 41. Qf3 exd2 42. Re2 N@h2+ 43. Kg3 Nxf3 44. gxf3 d1=Q 
45. Qxe8+ Bxe8 46. h8=Q P@f4+ 47. Kg4 Q@g5# 
{LINDEGREN resigns} 0-1

[Event "fics rated crazyhouse match"]
[Site "fics, Oklahoma City, OK USA"]
[Date "2001.02.10"]
[White "Perplexity"]
[WhiteElo "2414"]
[Black "LINDEGREN"]
[BlackElo "2353"]
[TimeControl "180+0"]
[Result "1-0"]

1. e4 Nf6 2. Nc3 Nc6 3. d4 e5 4. dxe5 Nxe5 5. Nf3 Nxf3+ 6. gxf3 
Bb4 7. a3 Bxc3+ 8. bxc3 d6 9. P@h6 P@g6 10. hxg7 Rg8 11. P@e5 Nh5 
12. Bb5+ N@c6 13. exd6 cxd6 14. P@d5 P@d7 15. N@c4 Ne5 16. Nxd6+ Ke7 17. Bg5+ 
f6 18. B@b4 fxg5 19. Nxb7+ Kf7 20. Nxd8+ Kxg7 21. Q@e7+ P@f7 22. Qxe5# 
{LINDEGREN resigns} 1-0